 Dungeon Crawl Stone Soup version 0.30-a0-347-gf58ed5266c (webtiles) character file.

Game seed: 12140413459484678546

2352 koil the Sneak (level 9, -1/45 HPs)
             Began as a Spriggan Enchanter on Nov 6, 2022.
             Slain by an ogre
             ... wielding a +0 giant club
              (22 damage)
             ... on level 6 of the Dungeon.
             The game lasted 00:19:41 (5406 turns).

koil the Sneak (Spriggan Enchanter)                 Turns: 5406, Time: 00:19:42

Health: -1/45      AC:  6    Str:  4    XL:     9   Next: 20%
Magic:  6/19       EV: 21    Int: 20    God:
Gold:   236        SH:  0    Dex: 16    Spells: 9/21 levels left

rFire   . . .      SeeInvis +    a - +2 dagger (venom)
rCold   . . .      Faith    .    (no shield)
rNeg    + . .      Spirit   .    b - +0 robe
rPois   .          Reflect  .    (helmet restricted)
rElec   .          Harm     .    (no cloak)
rCorr   .          Rampage  .    (gloves unavailable)
Will    +....                    (boots unavailable)
Stlth   ++++......               (no amulet)
HPRegen 0.27/turn                D - +4 ring of protection
MPRegen 0.16/turn                E - ring of positive energy

@: confusing by touch, very quick
A: very small, no large weapons, unfitting armour, see invisible, speed 3
a: no special abilities


You were on level 6 of the Dungeon.
You visited 1 branch of the dungeon, and saw 6 of its levels.
You also visited: Sewer.

You collected 236 gold pieces.

Inventory:

Hand Weapons
 a - a +2 dagger of venom (weapon)
 g - a +1 dagger
 B - a +1 dagger of venom
 I - a +1 short sword of speed
Missiles
 q - a curare-tipped dart
 r - 10 poisoned darts
Armour
 b - a +0 robe (worn)
Magical Staves
 l - a staff of cold
 G - a staff of cold
Jewellery
 x - an amulet of faith
 D - a +4 ring of protection (left hand)
 E - a ring of positive energy (right hand)
Wands
 v - a wand of mindburst (5)
 z - a wand of flame (22)
Scrolls
 d - 2 scrolls of amnesia {unknown}
 e - 2 scrolls of poison {unknown}
 f - 6 scrolls of identify {unknown}
 j - 2 scrolls of blinking {unknown}
 k - a scroll of enchant armour {unknown}
 m - 3 scrolls of enchant weapon {unknown}
 n - 2 scrolls of teleportation {unknown}
 u - a scroll of magic mapping {unknown}
 y - a scroll of brand weapon {unknown}
 C - a scroll of fear {unknown}
 F - a scroll of acquirement {unknown}
 H - a scroll of silence {unknown}
Potions
 c - 2 potions of invisibility
 h - 2 potions of heal wounds {unknown}
 i - 4 potions of degeneration {unknown}
 o - 3 potions of haste {unknown}
 p - 5 potions of curing {unknown}
 s - a potion of cancellation {unknown}
 t - a potion of lignification {unknown}
 w - a potion of might {unknown}
 A - a potion of flight {unknown}


   Skills:
 + Level 3.7 Fighting
 + Level 5.6 Short Blades
 + Level 7.0 Dodging
 - Level 7.0 Stealth
 + Level 6.5 Spellcasting
 + Level 1.9 Conjurations
 - Level 7.0 Hexes
 + Level 2.5 Poison Magic


You had 9 spell levels left.
You knew the following spells:

 Your Spells              Type           Power      Damage    Failure   Level
a - Ensorcelled Hibernat  Hex/Ice        40%        N/A       3%          2
b - Confusing Touch       Hex            34%        N/A       1%          3
c - Dazzling Flash        Conj/Hex       48%        N/A       4%          3
d - Slow                  Hex            100%       N/A       1%          1
e - Mephitic Cloud        Conj/Pois/Air  12%        N/A       16%         3

Your spell library contained the following spells:

 Spells                   Type           Power      Damage    Failure   Level
 Tukima's Dance           Hex            34%        N/A       1%          3
 Summon Guardian Golem    Hex/Summ       20%        N/A       7%          3
 Poisonous Vapours        Pois/Air       22%        N/A       9%          2
 Freeze                   Ice            24%        1d4       10%         1
 Summon Small Mammal      Summ           24%        N/A       10%         1
 Cigotuvi's Dreadful Rot  Necr/Pois/Air  18%        N/A       11%         2
 Hailstorm                Conj/Ice       10%        3d5       21%         3
 Call Canine Familiar     Summ           6%         N/A       30%         3
 Frozen Ramparts          Ice            12%        1d2       30%         3
 Vampiric Draining        Necr           6%         2d6       30%         3


Dungeon Overview and Level Annotations

Branches:
Dungeon (6/15)              Sewer (visited)
 Temple: D:4-7

Altars:

Shops:
D:3 [


Innate Abilities, Weirdness & Mutations

You are very small and have problems with some larger weapons.
You are too small for most types of armour.
You have supernaturally acute eyesight. (SInv)
You cover ground extremely quickly. (Speed+++)


Message History

The ball explodes into a vile cloud!
The stinking cloud engulfs the orc wizard but does no damage.
The stinking cloud engulfs the steam dragon but does no damage.
The orc priest shouts!
The orc wizard is engulfed in noxious fumes.
The orc wizard appears confused.
The orc wizard is engulfed in noxious fumes.
The orc wizard appears confused.
An ogre comes into view. It is wielding a +0 giant club.
Your hands begin to glow brighter.
The ogre shouts!
The orc wizard is engulfed in noxious fumes.
The orc wizard appears confused.
The orc wizard closely misses the orc priest.
The steam dragon breathes steam at you. The ball of steam hits you!
Okay, then.
Casting: Confusing Touch (safe; 1% risk of failure)
Confirm with . or Enter, or press ? or * to list all spells.
Aiming: Ensorcelled Hibernation (safe; 3% risk of failure)
Press: ? - help, Shift-Dir - straight line, f - ogre
Aim: an ogre, wielding a +0 giant club (chance to confuse on hit: 62%, chance to affect: 52%)
The ogre resists with significant effort.
Casting: Ensorcelled Hibernation (safe; 3% risk of failure)
Confirm with . or Enter, or press ? or * to list all spells.
Aiming: Ensorcelled Hibernation (safe; 3% risk of failure)
Press: ? - help, Shift-Dir - straight line, f/p - ogre
Aim: an ogre, wielding a +0 giant club (chance to confuse on hit: 62%, chance to affect: 52%)
The ogre resists with significant effort.
The orc priest calls upon Beogh to heal something.
Casting: Ensorcelled Hibernation (safe; 3% risk of failure)
Confirm with . or Enter, or press ? or * to list all spells.
Aiming: Ensorcelled Hibernation (safe; 3% risk of failure)
Press: ? - help, Shift-Dir - straight line, f/p - ogre
Aim: an ogre, wielding a +0 giant club (chance to confuse on hit: 62%, chance to affect: 52%)
The ogre looks drowsy...
The helpless ogre fails to defend itself.
You hit the ogre but do no damage.
The ogre hits you with a +0 giant club!!
You die...

#..##.##.#.....
..#
#......^......#
###
#.......##.####
#.[.#.#.##$#
##.........#
#.##......#
#.####o#.o.#
#.####O#...#
#....@.#oo.#
########...#
O..# ...# ....


You could see an ogre and an orc priest.

Vanquished Creatures
  Pikel (D:6)
  Grinder (D:3)
  Eustachio (D:5)
  Menkaure (D:6)
  2 water moccasins
  A black bear (D:6)
  2 ice beasts (D:5)
  An ogre (D:4)
  2 kobold brigands (Sewer)
  A bullfrog (D:6)
  A scorpion (D:5)
  3 necrophages
  An orc priest (D:3)
  2 hounds (D:5)
  Jessica (D:2)
  2 iguanas (D:4)
  9 adders
  3 river rats (Sewer)
  A white imp (D:5)
  7 worms
  2 dart slugs
  11 orcs
  14 ball pythons
  7 endoplasms
  A giant cockroach (D:1)
  7 goblins
  7 hobgoblins
  6 jackals
  8 quokkas
  3 bats
  A frilled lizard (D:3)
  13 kobolds
  11 rats
134 creatures vanquished.

Notes
Turn   | Place    | Note
-------+----------+-------------------------------------------
     0 | D:1      | koil the Spriggan Enchanter began the quest for the Orb.
     0 | D:1      | Reached XP level 1. HP: 9/9 MP: 5/5
    21 | D:1      | Learned a level 1 spell: Slow
   199 | D:1      | Reached XP level 2. HP: 11/13 MP: 6/6
   202 | D:1      | Learned a level 2 spell: Ensorcelled Hibernation
   716 | D:2      | Reached XP level 3. HP: 17/17 MP: 8/8
   720 | D:2      | Learned a level 3 spell: Confusing Touch
   880 | D:2      | Noticed Jessica
   885 | D:2      | Killed Jessica
   886 | D:2      | Reached skill level 5 in Stealth
   886 | D:2      | Reached XP level 4. HP: 21/21 MP: 9/9
  1475 | D:3      | Reached skill level 1 in Fighting
  1574 | D:3      | Found a glowing drain.
  1587 | Sewer    | Entered a sewer
  1716 | Sewer    | Noticed a kobold brigand
  1737 | Sewer    | Killed a kobold brigand
  1738 | Sewer    | Reached XP level 5. HP: 25/25 MP: 4/11
  1914 | Sewer    | Reached XP level 6. HP: 30/30 MP: 5/13
  2537 | D:3      | Found Zierchem's Antique Armour Shoppe.
  2984 | D:3      | Noticed Grinder
  3178 | D:3      | Killed Grinder
  3179 | D:3      | Reached skill level 5 in Hexes
  3179 | D:3      | Reached XP level 7. HP: 25/35 MP: 14/14
  3188 | D:3      | Learned a level 3 spell: Dazzling Flash
  3466 | D:4      | Reached skill level 5 in Dodging
  3759 | D:4      | Reached skill level 5 in Spellcasting
  4220 | D:5      | Entered Level 5 of the Dungeon
  4434 | D:5      | Noticed Eustachio
  4439 | D:5      | Killed Eustachio
  4440 | D:5      | Reached XP level 8. HP: 39/39 MP: 11/17
  4541 | D:5      | Learned a level 3 spell: Mephitic Cloud
  4766 | D:5      | HP: 2/40 [poisoned by a water moccasin]
  4922 | D:5      | Reached skill level 1 in Poison Magic
  4940 | D:5      | Reached skill level 1 in Conjurations
  5119 | D:6      | Reached skill level 5 in Short Blades
  5124 | D:6      | Noticed Menkaure
  5136 | D:6      | Killed Menkaure
  5281 | D:6      | Noticed Pikel
  5308 | D:6      | Killed Pikel
  5309 | D:6      | Reached XP level 9. HP: 28/45 MP: 16/19
  5406 | D:6      | Slain by an ogre

Illustrated notes

Levels and vault maps discovered:
D:1:      beargit_arrival_greenhouse, layout_loops_ring
D:2:      layout_basic, minmay_tetromino_s4, uniq_jessica
D:3:      layout_basic, serial_glass, glass_columns_a, glass_columns_b,
          portal_sewer_entry_b, serial_shops, nicolae_shop_overgrown_old_shop,
          minmay_misc_feat_chi, minmay_pentomino_pile, uniq_grinder
D:4:      layout_gridville
D:5:      minmay_angry_zag, layout_basic, uniq_eustachio
D:6:      layout_loops_cross, nicolae_take_the_stairs, uniq_menkaure, uniq_pikel

Skill      XL: |  1  2  3  4  5  6  7  8 |
---------------+-------------------------+-----
Spellcasting   | 3 4 5 6 |  6.5
Dodging        | 3 4 5 7 |  7.0
Hexes          | 4 5 6 7 |  7.0
Short Blades   | 2 3 4 5 |  5.6
Stealth        | 5 6 7 |  7.0
Fighting       | 1 2 3 |  3.7
Poison Magic   | 2 |  2.5
Conjurations   | 1 |  1.9

Action                   |  1- 3 |  4- 6 |  7- 9 || total
-------------------------+-------+-------+-------++-------
Melee: Dagger            |    94 |   160 |   124 ||   378
       Punch             |       |     1 |       ||     1
 Cast: Ensorcelled Hiber |       |    26 |     6 ||    32
       Confusing Touch   |       |     1 |    14 ||    15
       Mephitic Cloud    |       |       |     1 ||     1
Evoke: Wand              |       |     6 |       ||     6
 Stab: Sleeping          |    12 |    21 |    17 ||    50
       Confused          |       |     1 |     8 ||     9
Armor: Robe              |     7 |    11 |    17 ||    35
Dodge: Dodged            |    51 |    88 |    45 ||   184

Table legend: (Time is in decaauts)
 A = Elapsed time spent in this place.
 B = Non-inter-level travel time spent in this place.
 C = Inter-level travel time spent in this place.
 D = Time resting spent in this place.
 E = Time spent auto-exploring this place.
 F = Levels seen in this place.
 G = Mean time per level.
                   A        B        C        D        E       F      G
               +--------+--------+--------+--------+--------+-----+--------+
         Total |   4075 |   3981 |     94 |    222 |   2769 |   7 |  582.1 |
       Dungeon |   3195 |   3101 |     94 |    222 |   2120 |   6 |  532.5 |
         Sewer |    879 |    879 |      0 |      0 |    648 |   1 |  879.0 |
               +--------+--------+--------+--------+--------+-----+--------+

Top non-repeatable levels by time:
   Sewer: 879 daAuts
     D:3: 805 daAuts
     D:5: 677 daAuts
     D:4: 605 daAuts
     D:1: 462 daAuts
     D:2: 396 daAuts
     D:6: 249 daAuts
